 Dungeon Crawl Stone Soup version 0.28-a0-662-g1651b1f1e0 (webtiles) character file.

Game seed: 7661496579884460753

1 flotson the Sneak (level 1, -2/18 HPs)
             Began as a Demonspawn Delver on Oct 15, 2021.
             Slain by a water moccasin skeleton (4 damage)
             ... on level 5 of the Dungeon.
             The game lasted 00:00:21 (49 turns).

flotson the Sneak (Demonspawn Delver)                 Turns: 49, Time: 00:00:22

Health: -2/18      AC:  3    Str: 12    XL:     1   Next: 16%
Magic:  1/1        EV: 11    Int: 11    God:
Gold:   0          SH:  0    Dex: 14    Spells: 0/0 levels left

rFire   . . .      SeeInvis .   a - +0 hand axe
rCold   . . .      Faith    .   (no shield)
rNeg    . . .      Spirit   .   b - +0 leather armour
rPois   .          Reflect  .   (no helmet)
rElec   .          Harm     .   (no cloak)
rCorr   .          Rampage  .   (no gloves)
Will    .....                   (no boots)
Stlth   ++........              (no amulet)
HPRegen 0.06/turn               (no ring)
MPRegen 0.07/turn               (no ring)

@: no status effects
A: no striking features
a: no special abilities


You were on level 5 of the Dungeon.
You visited 1 branch of the dungeon, and saw 1 of its levels.

Inventory:

Hand Weapons
 a - a +0 hand axe (weapon)
Armour
 b - a +0 leather armour (worn)
 e - a +0 pair of boots
Wands
 g - a wand of digging (3)
Scrolls
 c - a scroll of fog
 d - a scroll of magic mapping
 h - a scroll of identify {unknown}
Potions
 f - a potion of haste


   Skills:
 + Level 3.0 Fighting
 - Level 1.7 Axes
 + Level 0.1 Armour
 + Level 1.8 Dodging
 - Level 4.5 Stealth


You couldn't memorise any spells.
You didn't know any spells.
Your spell library was empty.

Dungeon Overview and Level Annotations

Branches:
Dungeon (5/15)
 Temple: D:4-7

Altars:


Message History

You slash the quokka!
You kill the quokka!
No target in view!
Found 14 bolts.
A hound and a skeleton come into view.
Found 27 stones.
Unknown command.
A water moccasin skeleton comes into view.
The bullfrog skeleton barely misses you.
The hound barks!
You hear a shout!
The bullfrog skeleton hits you.
An iguana comes into view.
The hound misses you.
As you read the scroll of fear, it crumbles to dust.
You assume a fearsome visage.
The bullfrog skeleton is unaffected.
The hound looks frightened!
The water moccasin skeleton is unaffected.
The iguana looks frightened!
The bullfrog skeleton hits you but does no damage.
The water moccasin skeleton bites you but does no damage.
An orc comes into view. It is wielding a +0 club.
The orc shouts!
You hear a shout!
The water moccasin skeleton bites you.
An orc comes into view. It is wielding a +0 short sword.
The bullfrog skeleton hits you.
Things that are here:
a +0 pair of boots; 15 gold pieces
e - a +0 pair of boots The water moccasin skeleton bites you.
The bullfrog skeleton closely misses you.
The water moccasin skeleton barely misses you.
The bullfrog skeleton hits you but does no damage.
The water moccasin skeleton bites you.
* * * LOW HITPOINT WARNING * * *
The bullfrog skeleton hits you.
* * * LOW HITPOINT WARNING * * *
The bullfrog skeleton hits you.
* * * LOW HITPOINT WARNING * * *
The water moccasin skeleton bites you.
You die...

#.# ### #.# ..####
#.# #...... #.#
.....## #.# .......
.. #.#####...#.h.
....####.....$......l
#......Z......#....
.....#.@Z..o........
..## #.##....(......
... #.##......#....
... #.##...(..#....
#.# #.##...........
#.# ###.####.........
#.# ###...# ..######
#.# #...### ## #.#
#.###


You could see an orc, a water moccasin skeleton and a bullfrog skeleton.

Vanquished Creatures
  A quokka (D:5)
1 creature vanquished.

Notes
Turn   | Place    | Note
-------+----------+-------------------------------------------
     0 | D:5      | flotson the Demonspawn Delver began the quest for the Orb.
     0 | D:5      | Reached XP level 1. HP: 18/18 MP: 1/1
    37 | D:5      | Noticed a hound
    40 | D:5      | Noticed an iguana
    49 | D:5      | Slain by a water moccasin skeleton

Illustrated notes

Levels and vault maps discovered:
D:5:      layout_rooms, lightli_corner_chamber

Action                   || total
-------------------------++-------
Melee: Hand axe          ||     1
  Use: Scroll            ||     1
 Stab: Sleeping          ||     1
Armor: Leather armour    ||     3
Dodge: Dodged            ||     4

Table legend: (Time is in decaauts)
 A = Elapsed time spent in this place.
 B = Non-inter-level travel time spent in this place.
 C = Inter-level travel time spent in this place.
 D = Time resting spent in this place.
 E = Time spent auto-exploring this place.
 F = Levels seen in this place.
 G = Mean time per level.
                   A        B        C        D        E       F      G
               +--------+--------+--------+--------+--------+-----+--------+
         Total |     49 |     49 |      0 |      0 |     25 |   1 |   49.0 |
       Dungeon |     49 |     49 |      0 |      0 |     25 |   1 |   49.0 |
               +--------+--------+--------+--------+--------+-----+--------+

Top non-repeatable levels by time:
     D:5: 49 daAuts
